 Dungeon Crawl Stone Soup version 0.21.1-1-g345015fe64 (webtiles) character file.

599 ToxicDK the Poker (level 7, -6/90 HPs)
             Began as a Gnoll Wanderer on June 30, 2018.
             Mangled by Pieper's ghost (8 damage)
             ... on level 4 of the Dungeon.
             The game lasted 00:15:53 (3901 turns).

ToxicDK the Poker (Gnoll Wanderer)                  Turns: 3901, Time: 00:15:53

Health: -6/90      AC: 23    Str: 16    XL:     7   Next: 41%
Magic:  10/10      EV:  2    Int: 14    God:
Gold:   147        SH:  0    Dex: 15    Spells: 10/10 levels left

rFire    . . .     SeeInvis .   h - +2 quarterstaff (chaos)
rCold    . . .     Gourm    .   (shield currently unavailable)
rNeg     + + +     Faith    .   (armour currently unavailable)
rPois    +         Spirit   .   (helmet currently unavailable)
rElec    .         Reflect  .   (cloak currently unavailable)
rCorr    .         Harm     .   (gloves currently unavailable)
MR       .....     NoTele   +   (boots currently unavailable)
Stlth    ++........             p - amulet of magic regeneration
HPRegen  0.25/turn              (no ring)
MPRegen  0.37/turn              (no ring)

@: tree-form, drained
A: distributed training, strong nose
a: no special abilities


You were on level 4 of the Dungeon.
You were not hungry.
You were a tree.
You visited 1 branch of the dungeon, and saw 4 of its levels.

You collected 147 gold pieces.

Inventory:

Hand Weapons
 a - a +4 dire flail of draining
 g - a +0 hunting sling
 h - a +2 quarterstaff of chaos (weapon)
 q - a +0 blowgun
 t - a +0 scythe
Missiles
 i - 10 sling bullets
 r - 2 poisoned needles
Armour
 m - a +2 cloak of invisibility (melded)
 n - a +0 troll leather armour (melded) {Purgy}
 o - a +0 pair of gloves (melded)
 y - a +0 plate armour
Jewellery
 p - an amulet of magic regeneration (around neck)
Wands
 b - a wand of iceblast (8)
Scrolls
 e - 2 scrolls of magic mapping
 k - a scroll of immolation
 u - 2 scrolls of remove curse
Potions
 c - 2 potions of curing
 d - a potion of degeneration {unknown}
 j - a potion of might {unknown}
 l - 2 potions of lignification
 s - 2 potions of flight
 v - a potion of invisibility {unknown}
 x - a potion of mutation {unknown}
Comestibles
 f - 5 rations
 w - 7 chunks of flesh


   Skills:
 + Level 7.0(6.0) Fighting
 + Level 2.4(1.5) Short Blades
 + Level 5.2(4.2) Long Blades
 + Level 2.4(1.5) Axes
 + Level 2.4(1.5) Maces & Flails
 + Level 7.0(6.0) Polearms
 + Level 2.4(1.5) Staves
 + Level 2.4(1.5) Slings
 + Level 2.4(1.5) Bows
 + Level 2.4(1.5) Crossbows
 + Level 3.6(2.6) Throwing
 + Level 2.4(1.5) Armour
 + Level 2.4(1.5) Dodging
 + Level 2.4(1.5) Stealth
 + Level 3.6(2.6) Shields
 + Level 2.4(1.5) Unarmed Combat
 + Level 2.4(1.5) Spellcasting
 + Level 2.0(1.1) Conjurations
 + Level 2.0(1.1) Hexes
 + Level 2.0(1.1) Charms
 + Level 2.0(1.1) Summonings
 + Level 2.0(1.1) Necromancy
 + Level 2.0(1.1) Translocations
 + Level 2.0(1.1) Transmutations
 + Level 2.0(1.1) Fire Magic
 + Level 2.0(1.1) Ice Magic
 + Level 2.0(1.1) Air Magic
 + Level 2.0(1.1) Earth Magic
 + Level 2.0(1.1) Poison Magic
 + Level 2.7(1.8) Invocations
 + Level 2.4(1.5) Evocations


You had 10 spell levels left.
You didn't know any spells.

Dungeon Overview and Level Annotations

Branches:
Dungeon (4/15)
 Temple: D:4-7

Altars:
Sif Muna

Annotations:
D:4 Pieper's ghost, amateur MiFi


Innate Abilities, Weirdness & Mutations

Your experience applies equally to all skills.
((You have very sharp teeth.))
Your uncanny sense of smell can sniff out nearby items.


Message History

You hit Pieper's ghost. You freeze Pieper's ghost.
Pieper's ghost is moderately damaged.
Pieper's ghost hits you but does no damage.
The orc hits you but does no damage.
Pieper's ghost hits you but does no damage.
You hit Pieper's ghost.
Pieper's ghost suddenly stops moving!
Pieper's ghost is moderately damaged.
Pieper's ghost is no longer paralysed.
The orc hits you but does no damage. Pieper's ghost hits you.
* * * LOW HITPOINT WARNING * * *
You barely miss Pieper's ghost.
Pieper's ghost is moderately damaged.
The orc hits you but does no damage.
Pieper's ghost hits you but does no damage.
The orc hits you but does no damage.
You hit Pieper's ghost.
Lightning courses through Pieper's ghost!
Pieper's ghost is severely damaged.
Pieper's ghost hits you!
You die...

### ...∆ #.. .. #.#.o###
#.#.... #######.#..#
#o......oo.###.
#o#####.o...... #♣# #[#
#W# #.# #####.#####.#
#...........#
########..#..#####......>
#...........## ########
#.######.#.###### #.#
#......... #.# #.#.######


You could see Pieper's ghost and 2 orcs.

Vanquished Creatures
  Sigmund (D:3)
  Edmund (D:4)
  Purgy (D:3)
  An orc wizard (D:3)
  Crazy Yiuf (D:3)
  Jessica (D:3)
  Ijyb (D:3)
  A worker ant (D:3)
  4 adders
  A shadow imp (D:3)
  2 worms
  4 dart slugs
  A leopard gecko (D:2)
  2 orcs (D:3)
  7 giant cockroaches
  A goblin (D:1)
  5 hobgoblins
  3 kobolds
  2 quokkas (D:1)
  4 bats
  2 frilled lizards (D:3)
  9 rats
55 creatures vanquished.

Notes
Turn   | Place    | Note
-------+----------+-------------------------------------------
     0 | D:1      | ToxicDK the Gnoll Wanderer began the quest for the Orb.
     0 | D:1      | ToxicDK set off with: a +2 spear, a +0 short sword, a potion of curing, a +0 robe, a ration
     0 | D:1      | Reached XP level 1. HP: 23/23 MP: 1/1
   143 | D:1      | Reached XP level 2. HP: 27/29 MP: 2/2
   897 | D:1      | Reached XP level 3. HP: 33/35 MP: 3/3
  1251 | D:2      | Reached skill level 1 in Invocations
  1914 | D:2      | Reached skill level 1 in Short Blades
  1914 | D:2      | Reached skill level 1 in Axes
  1914 | D:2      | Reached skill level 1 in Maces & Flails
  1914 | D:2      | Reached skill level 1 in Staves
  1914 | D:2      | Reached skill level 1 in Slings
  1914 | D:2      | Reached skill level 1 in Bows
  1914 | D:2      | Reached skill level 1 in Crossbows
  1914 | D:2      | Reached skill level 1 in Armour
  1914 | D:2      | Reached skill level 1 in Dodging
  1914 | D:2      | Reached skill level 1 in Stealth
  1914 | D:2      | Reached skill level 1 in Unarmed Combat
  1914 | D:2      | Reached skill level 1 in Spellcasting
  1914 | D:2      | Reached skill level 1 in Evocations
  1914 | D:2      | Reached XP level 4. HP: 41/41 MP: 5/5
  2141 | D:3      | Found a runed door.
  2318 | D:3      | Noticed Sigmund
  2330 | D:3      | Killed Sigmund
  2330 | D:3      | Reached skill level 1 in Conjurations
  2330 | D:3      | Reached skill level 1 in Hexes
  2330 | D:3      | Reached skill level 1 in Charms
  2330 | D:3      | Reached skill level 1 in Summonings
  2330 | D:3      | Reached skill level 1 in Necromancy
  2330 | D:3      | Reached skill level 1 in Translocations
  2330 | D:3      | Reached skill level 1 in Transmutations
  2330 | D:3      | Reached skill level 1 in Fire Magic
  2330 | D:3      | Reached skill level 1 in Ice Magic
  2330 | D:3      | Reached skill level 1 in Air Magic
  2330 | D:3      | Reached skill level 1 in Earth Magic
  2330 | D:3      | Reached skill level 1 in Poison Magic
  2330 | D:3      | Reached XP level 5. HP: 41/47 MP: 5/7
  2330 | D:3      | Reached XP level 6. HP: 47/53 MP: 5/8
  2460 | D:3      | Noticed Ijyb
  2460 | D:3      | Noticed Jessica
  2473 | D:3      | Killed Jessica
  2487 | D:3      | Killed Ijyb
  2608 | D:3      | Reached skill level 5 in Long Blades
  3259 | D:3      | Found a deep blue altar of Sif Muna.
  3358 | D:3      | Noticed Purgy
  3377 | D:3      | Killed Purgy
  3377 | D:3      | Reached XP level 7. HP: 47/59 MP: 10/10
  3632 | D:3      | Noticed Crazy Yiuf
  3677 | D:3      | Killed Crazy Yiuf
  3858 | D:4      | Noticed Edmund
  3867 | D:4      | Killed Edmund
  3868 | D:4      | Noticed Pieper's ghost (amateur MiFi)
  3897 | D:4      | HP: 4/90 [Pieper's ghost (9)]
  3901 | D:4      | Mangled by Pieper's ghost

Skill      XL: |  1  2  3  4  5  6  7 |
---------------+----------------------+-----
Invocations    | 1 2 |  2.7
Short Blades   | 1 2 |  2.4
Axes           | 1 2 |  2.4
Maces & Flails | 1 2 |  2.4
Staves         | 1 2 |  2.4
Slings         | 1 2 |  2.4
Bows           | 1 2 |  2.4
Crossbows      | 1 2 |  2.4
Armour         | 1 2 |  2.4
Dodging        | 1 2 |  2.4
Stealth        | 1 2 |  2.4
Unarmed Combat | 1 2 |  2.4
Spellcasting   | 1 2 |  2.4
Evocations     | 1 2 |  2.4
Throwing       | 3 |  3.6
Shields        | 3 |  3.6
Conjurations   | 1 2 |  2.0
Hexes          | 1 2 |  2.0
Charms         | 1 2 |  2.0
Summonings     | 1 2 |  2.0
Necromancy     | 1 2 |  2.0
Translocations | 1 2 |  2.0
Transmutations | 1 2 |  2.0
Fire Magic     | 1 2 |  2.0
Ice Magic      | 1 2 |  2.0
Air Magic      | 1 2 |  2.0
Earth Magic    | 1 2 |  2.0
Poison Magic   | 1 2 |  2.0
Long Blades    | 5 |  5.2
Fighting       | 7 |  7.0
Polearms       | 7 |  7.0

Action                   |  1- 3 |  4- 6 |  7- 9 || total
-------------------------+-------+-------+-------++-------
Melee: Spear             |   106 |   115 |    16 ||   237
       Bite              |    12 |    12 |     3 ||    27
       Punch             |       |     2 |       ||     2
       Quarterstaff      |       |       |    28 ||    28
 Fire: Hunting sling     |       |     1 |       ||     1
  Use: Scroll            |     4 |     1 |     4 ||     9
       Potion            |       |       |     4 ||     4
 Stab: Sleeping          |     4 |       |       ||     4
  Eat: Chunk             |     2 |     5 |       ||     7
       Ration            |       |       |     1 ||     1
Armor: Robe              |     6 |       |       ||     6
       Scale mail        |    15 |    33 |       ||    48
       Plate armour      |       |    34 |       ||    34
       Skin              |       |       |    11 ||    11
       Troll leather arm |       |       |     4 ||     4
Dodge: Dodged            |    38 |    42 |    13 ||    93
